 Dungeon Crawl Stone Soup version 0.31-a0-965-g8a8ce12e04 (webtiles) character file.

Game seed: 17065342865103565750

80 akrav the Shooter (level 4, -13/34 HPs)
             Began as a Formicid Hunter on Oct 26, 2023.
             Killed by nerve-wracking pain
             ... invoked by an orc priest
              (14 damage)
             ... on level 2 of the Dungeon.
             The game lasted 00:08:27 (1218 turns).

akrav the Shooter (Formicid Hunter)                 Turns: 1218, Time: 00:08:28

Health: -13/34     AC:  3    Str: 16    XL:     4   Next: 65%
Magic:  4/4        EV: 12    Int:  8    God:
Gold:   130        SH:  0    Dex: 19    Spells: 3/3 levels left

rFire   . . .        a - +0 shortbow
rCold   . . .        (no shield)
rNeg    . . .        c - +0 leather armour
rPois   +            (helmet unavailable)
rElec   .            (no cloak)
rCorr   .            (no gloves)
SInv    +            (no boots)
Will    .....        (no amulet)
Stlth   ++           k - ring of poison resistance
HPRegen 0.25/turn    (no ring)
MPRegen 0.09/turn

%: no passive effects
@: no status effects
A: permanent stasis, dig shafts and tunnels, antennae 3, four strong arms
a: Dig, Shaft Self


You were on level 2 of the Dungeon.
You visited 1 branch of the dungeon, and saw 2 of its levels.

You collected 130 gold pieces.

Inventory:

Hand Weapons
 a - a +0 shortbow (weapon)
Missiles
 e - 5 boomerangs
Armour
 c - a +0 leather armour (worn)
 d - a +0 kite shield
 j - a +0 plate armour
Jewellery
 h - a ring of resist corrosion
 k - a ring of poison resistance (left hand)
Scrolls
 b - a scroll of identify
 m - a scroll of enchant armour {unknown}
Potions
 f - 2 potions of might {unknown}
 g - a potion of invisibility {unknown}
 i - a potion of enlightenment {unknown}
 l - a potion of haste {unknown}


   Skills:
 * Level 2.5 Fighting
 * Level 5.2 Ranged Weapons
 + Level 0.5 Armour
 * Level 2.0 Dodging
 * Level 2.1 Stealth


You had 3 spell levels left.
You didn't know any spells.
Your spell library was empty.

Dungeon Overview and Level Annotations

Branches:
Dungeon (2/15)

Altars:

Shops:
D:2 (


Innate Abilities, Weirdness & Mutations

You cannot be hasted, slowed, berserked, paralysed or teleported.
You can dig through walls and to a lower floor.
You have a pair of large antennae on your head. (SInv)
Your four strong arms can wield two-handed weapons with a shield.


Message History

You are too injured to fight recklessly!
Fire: a) +0 shortbow
Press: ? - help, Shift-Dir - straight line, f/p - orc priest
Aim: an orc priest, wielding a +0 hand axe and wearing a +0 scale mail (heavily wounded, 68% to hit)
You shoot an arrow.
The arrow hits the orc priest but does no damage.
The orc priest is heavily wounded.
The orc priest misses you. The orc priest closely misses you.
Fire: a) +0 shortbow
Press: ? - help, Shift-Dir - straight line, f/p - orc priest
Aim: an orc priest, wielding a +0 hand axe and wearing a +0 scale mail (heavily wounded, 68% to hit)
You shoot an arrow. The arrow barely misses the orc priest.
The orc priest mumbles some strange prayers to Beogh against you.
Beogh smites you!
* * * LOW HITPOINT WARNING * * *
Fire: a) +0 shortbow
Press: ? - help, Shift-Dir - straight line, f/p - orc priest
Aim: an orc priest, wielding a +0 hand axe and wearing a +0 scale mail (heavily wounded, 68% to hit)
You shoot an arrow.
The arrow hits the orc priest but does no damage.
The orc priest is heavily wounded.
The orc priest barely misses you.
Fire: a) +0 shortbow
Press: ? - help, Shift-Dir - straight line, f/p - orc priest
Aim: an orc priest, wielding a +0 hand axe and wearing a +0 scale mail (heavily wounded, 68% to hit)
You shoot an arrow. The arrow barely misses the orc priest.
The orc priest misses you.
Fire: a) +0 shortbow
Press: ? - help, Shift-Dir - straight line, f/p - orc priest
Aim: an orc priest, wielding a +0 hand axe and wearing a +0 scale mail (heavily wounded, 68% to hit)
You shoot an arrow. The arrow barely misses the orc priest.
The orc priest hits you with a +0 hand axe.
* * * LOW HITPOINT WARNING * * *
Fire: a) +0 shortbow
Press: ? - help, Shift-Dir - straight line, f/p - orc priest
Aim: an orc priest, wielding a +0 hand axe and wearing a +0 scale mail (heavily wounded, 68% to hit)
You shoot an arrow. The arrow barely misses the orc priest.
The orc priest invokes the aid of Beogh against you.
Pain shoots through your body!
You die...

.........####............###.....
........>.................#......
.#.....#######...................
#...#### #...................
....# #................... #####
#................... .#
#.#........#........ .#
##.##......##........ .##
#########...@o...)...........
..###...#.........########.......
................### #.......
##............### #......o
##...........# #.......
#...........# #.......
##...######## ##......
##..#♣♣♣♣♣♣♣♣♣♣♣ ##.....
##.'..........♣ ##.####


You could see an orc priest.

Vanquished Creatures
  An orc priest (D:2)
  2 worms (D:2)
  2 orcs (D:2)
  6 ball pythons
  3 endoplasms (D:1)
  A giant cockroach (D:1)
  7 hobgoblins
  2 quokkas (D:1)
  2 bats
  5 frilled lizards
  2 goblins
  3 kobolds
  7 rats
43 creatures vanquished.

Notes
Turn   | Place    | Note
-------+----------+-------------------------------------------
     0 | D:1      | akrav the Formicid Hunter began the quest for the Orb.
     0 | D:1      | Reached XP level 1. HP: 16/16 MP: 1/1
   165 | D:1      | Reached XP level 2. HP: 22/22 MP: 2/2
   351 | D:1      | Reached XP level 3. HP: 27/27 MP: 3/3
  1030 | D:2      | Reached XP level 4. HP: 34/34 MP: 4/4
  1043 | D:2      | Reached skill level 5 in Ranged Weapons
  1050 | D:2      | Found Vueraem's Antique Weapon Shoppe.
  1217 | D:2      | HP: 1/34 [orc priest/+0 hand axe (3)]
  1218 | D:2      | Killed from afar by an orc priest

Illustrated notes

Levels and vault maps discovered:
D:1:      dpeg_arrival_rhombi, layout_basic, st_stairs_13
D:2:      layout_rooms, serial_shops, shop, kennysheep_small_spiral

Skill      XL: |  1  2  3  4 |
---------------+-------------+-----
Dodging        | 2 |  2.0
Ranged Weapons | 5 |  5.2
Stealth        | 2 |  2.1
Fighting       | |  2.5
Armour         | |  0.5

Action                     |  1- 3 |  4- 6 || total
---------------------------+-------+-------++-------
   Fire: Shortbow          |   146 |    26 ||   172
    Use: Scroll            |     4 |       ||     4
 Armour: Leather armour    |    25 |    11 ||    36
  Dodge: Dodged            |    33 |     9 ||    42

Table legend: (Time is in decaauts)
 A = Elapsed time spent in this place.
 B = Non-inter-level travel time spent in this place.
 C = Inter-level travel time spent in this place.
 D = Time resting spent in this place.
 E = Time spent auto-exploring this place.
 F = Levels seen in this place.
 G = Mean time per level.
                   A        B        C        D        E       F      G
               +--------+--------+--------+--------+--------+-----+--------+
         Total |   1251 |   1185 |     66 |    194 |    575 |   2 |  625.5 |
       Dungeon |   1251 |   1185 |     66 |    194 |    575 |   2 |  625.5 |
               +--------+--------+--------+--------+--------+-----+--------+

Top non-repeatable levels by time:
     D:1: 768 daAuts
     D:2: 483 daAuts
